 Dungeon Crawl Stone Soup version 0.28-a0-906-g0406aca7d3 (webtiles) character file.

Game seed: 8740544666058539392

150 bande the Covered (level 5, -13/33 HPs)
             Began as a Gargoyle Fighter on Nov 24, 2021.
             Mangled by an ogre (26 damage)
             ... on level 4 of the Dungeon.
             The game lasted 00:04:24 (3340 turns).

bande the Covered (Gargoyle Fighter)                Turns: 3340, Time: 00:04:25

Health: -13/33     AC: 13    Str: 29    XL:     5   Next: 32%
Magic:  5/5        EV: 10    Int:  9    God:
Gold:   223        SH:  4    Dex:  9    Spells: 4/4 levels left

rFire   . . .      SeeInvis .   a - +0 war axe
rCold   . . .      Faith    .   c - +0 buckler
rNeg    + . .      Spirit   .   b - +0 scale mail
rPois   ∞          Reflect  .   (no helmet)
rElec   +          Harm     .   (no cloak)
rCorr   .          Rampage  .   l - +0 pair of gloves
Will    .....                   t - +0 pair of boots
Stlth   ..........              e - amulet of Voudoh {Regen+ Str+3 Stlth-}
HPRegen 1.11/turn               f - +6 ring of strength
MPRegen 0.09/turn               (no ring)

@: no status effects
A: sickness immunity, AC +4, negative energy resistance 1, electricity
resistance, torment resistance 1, petrification resistance
a: no special abilities


You were on level 4 of the Dungeon.
You visited 1 branch of the dungeon, and saw 4 of its levels.

You collected 223 gold pieces.

Inventory:

Hand Weapons
 a - a +0 war axe (weapon)
Armour
 b - a +0 scale mail (worn)
 c - a +0 buckler (worn)
 l - a +0 pair of gloves (worn)
 t - a +0 pair of boots (worn)
Jewellery
 e - the amulet of Voudoh (around neck) {Regen+ Str+3 Stlth-}
   (You acquired it on level 2 of the Dungeon)

   [amulet of regeneration]

   Str:       It affects your strength (+3).
   Regen:     It increases your rate of health regeneration.
   Stlth:     It makes you less stealthy.
 f - a +6 ring of strength (left hand)
 o - a ring of positive energy
Scrolls
 g - 4 scrolls of identify {unknown}
 i - a scroll of fog {unknown}
 j - 2 scrolls of fear {unknown}
 m - a scroll of vulnerability {unknown}
 s - 2 scrolls of enchant armour {unknown}
Potions
 d - 2 potions of might
 h - a potion of curing
 k - a potion of attraction {unknown}
 n - 2 potions of flight {unknown}
 p - a potion of invisibility {unknown}
 q - 3 potions of haste {unknown}
 r - a potion of mutation {unknown}


   Skills:
 + Level 3.9 Fighting
 + Level 3.7 Axes
 + Level 4.0 Armour
 + Level 3.8 Shields


You had 4 spell levels left.
You didn't know any spells.
Your spell library contained the following spells:

 Spells                   Type           Power      Damage    Failure   Level
 Magic Dart               Conj           0%         1d3       65%         1
 Summon Small Mammal      Summ           0%         N/A       65%         1
 Ensorcelled Hibernation  Hex/Ice        0%         N/A       78%         2
 Searing Ray              Conj           0%         2d4       78%         2
 Call Canine Familiar     Summ           0%         N/A       95%         3
 Summon Guardian Golem    Hex/Summ       0%         N/A       95%         3
 Tukima's Dance           Hex            0%         N/A       95%         3
 Fulminant Prism          Conj/Hex       0%         3d6       100%        4


Dungeon Overview and Level Annotations

Branches:
Dungeon (4/15)
 Temple: D:4-7

Altars:
Trog
The Shining One

Shops:
D:1 !([[


Innate Abilities, Weirdness & Mutations

You are immune to sickness and miasma.
Your stone body is resilient. (AC +4)
You are immune to poison.
You resist negative energy. (rN+)
You are resistant to electric shocks. (rElec)
You are resistant to unholy torment.
You are immune to petrification.


Message History

The goblin hits you but does no damage.
You slash the goblin!
You kill the goblin!
No target in view!
No target in view!
No target in view!
No target in view!
No target in view!
No target in view!
d - 2 potions of might (gained 1)
Things that are here:
a +0 dagger of speed; a goblin corpse An ogre comes into view.
It is wielding a +0 giant club.
The ogre misses you.
You barely miss the ogre. The ogre hits you with a +0 giant club.
You slash the ogre!
The ogre is severely wounded.
The ogre hits you with a +0 giant club!!
Ouch! That really hurt!
* * * LOW HITPOINT WARNING * * *
You are too injured to fight recklessly!
You are too injured to fight recklessly!
You are too injured to fight recklessly!
You are too injured to fight recklessly!
You are too injured to fight recklessly!
You are too injured to fight recklessly!
You barely miss the ogre.
The ogre is severely wounded.
The ogre hits you but does no damage.
You hit the ogre.
The ogre is severely wounded.
The ogre misses you.
You hit the ogre.
The ogre is almost dead.
The ogre closely misses you.
Your scale mail prevents you from hitting the ogre.
The ogre is almost dead.
The ogre hits you with a +0 giant club!!
Ouch! That really hurt!
You die...

#..#
##.##
#..#
##.##
#..#
##.##
#..#
##.##
#@.#
##O#
.# .#
.# .#
.# ..


You could see an ogre.

Vanquished Creatures
  A bullfrog skeleton (D:4)
  3 gnolls
  An adder (D:4)
  2 worms (D:2)
  4 dart slugs
  3 bats (D:2)
  7 endoplasms
  5 giant cockroaches
  6 goblins
  4 hobgoblins
  4 jackals (D:2)
  5 kobolds
  2 quokkas
  9 ball pythons
  3 frilled lizards
  8 rats
67 creatures vanquished.

Notes
Turn   | Place    | Note
-------+----------+-------------------------------------------
     0 | D:1      | bande the Gargoyle Fighter began the quest for the Orb.
     0 | D:1      | Reached XP level 1. HP: 14/14 MP: 1/1
    80 | D:1      | Found Ebeip's Antique Weapon Shoppe.
   190 | D:1      | Reached XP level 2. HP: 19/19 MP: 2/2
   258 | D:1      | Found Rogofaih's Armour Shoppe.
   494 | D:1      | Found Tuguxt's Armour Emporium.
   622 | D:1      | Found Ehudd's Distillery.
   912 | D:2      | Reached XP level 3. HP: 23/23 MP: 3/3
  1021 | D:2      | Identified a scroll of acquirement
  1021 | D:2      | Acquired the amulet of Voudoh {Regen+ Str+3 Stlth-}
  1034 | D:2      | Found a bloodstained altar of Trog.
  1477 | D:2      | Reached XP level 4. HP: 15/29 MP: 0/4
  2157 | D:3      | Found a glowing golden altar of the Shining One.
  3289 | D:4      | Reached XP level 5. HP: 33/33 MP: 5/5
  3306 | D:4      | Reached skill level 4 in Armour
  3331 | D:4      | Noticed an ogre
  3340 | D:4      | Mangled by an ogre

Illustrated notes

Levels and vault maps discovered:
D:1:      dpeg_arrival_pits, layout_loops_ring, serial_shops, shop_coins,
          nicolae_lakefront_shop, shop, nicolae_shop_stone, dk_noncrumbling_2
D:2:      layout_basic, basic_altar, minmay_circle_x
D:3:      layout_basic, tso_altar, serial_curves, eino_curves_03,
          eino_curves_01, eino_curves_04
D:4:      layout_basic

Skill      XL: |  1  2  3  4  5 |
---------------+----------------+-----
Axes           | 2 3 |  3.7
Armour         | 4 |  4.0
Fighting       | |  3.9
Shields        | |  3.8

Action                   |  1- 3 |  4- 6 || total
-------------------------+-------+-------++-------
Melee: War axe           |    93 |    86 ||   179
  Use: Scroll            |     3 |       ||     3
Armor: Scale mail        |    46 |    76 ||   122
Dodge: Dodged            |    59 |    73 ||   132
Block: Buckler           |    25 |    22 ||    47

Table legend: (Time is in decaauts)
 A = Elapsed time spent in this place.
 B = Non-inter-level travel time spent in this place.
 C = Inter-level travel time spent in this place.
 D = Time resting spent in this place.
 E = Time spent auto-exploring this place.
 F = Levels seen in this place.
 G = Mean time per level.
                   A        B        C        D        E       F      G
               +--------+--------+--------+--------+--------+-----+--------+
         Total |   3413 |   3362 |     51 |      0 |   2679 |   4 |  853.2 |
       Dungeon |   3413 |   3362 |     51 |      0 |   2679 |   4 |  853.2 |
               +--------+--------+--------+--------+--------+-----+--------+

Top non-repeatable levels by time:
     D:2: 1185 daAuts
     D:3: 1101 daAuts
     D:1: 965 daAuts
     D:4: 161 daAuts
